TL
AMARILLO GOLD SOX @ EL PASO SUN KINGS
08/08/1982
 
TOP OF THE 1ST
Amarillo Gold Sox batting - Pitching for El Paso Sun Kings : RHP Charlie Puleo
Pitching: RHP Charlie Puleo
Batting: SHB Mike Felder 0-0: Swinging Strike
0-1: Ball
1-1: Ball
2-1: Ground out 6-3 (Groundball, 6, EV 78.8 MPH)
Batting: LHB Hector Arroyo 0-0: Foul Ball, location: 2F
0-1: Swinging Strike
0-2: Ball
1-2: Ball
2-2: Fly out, F7 (Flyball, 7D, EV 103.1 MPH)
Batting: SHB Al Newman 0-0: Ground out U3 (Groundball, 34, EV 82.5 MPH)
Top of the 1st over - 0 runs, 0 hits, 0 errors, 0 left on base; Amarillo 0 - El Paso 0
BOTTOM OF THE 1ST
El Paso Sun Kings batting - Pitching for Amarillo Gold Sox : LHP Gregg Lorenz
Pitching: LHP Gregg Lorenz
Batting: SHB Keith Thrower 0-0: Ball
1-0: Ground out 6-3 (Groundball, 6, EV 81.9 MPH)
Batting: LHB Kevin Knuth 0-0: Ball
1-0: Ball
2-0: Swinging Strike
2-1: Ball
3-1: Called Strike
3-2: Strikes out swinging
Batting: RHB Chuckie Canady 0-0: Ground out 4-3 (Groundball, 4, EV 101.3 MPH)
Bottom of the 1st over - 0 runs, 0 hits, 0 errors, 0 left on base; Amarillo 0 - El Paso 0
TOP OF THE 2ND
Amarillo Gold Sox batting - Pitching for El Paso Sun Kings : RHP Charlie Puleo
Batting: LHB Louie Meadows 0-0: Ball
1-0: Ball
2-0: Called Strike
2-1: Foul Ball, location: 2F
2-2: Fly out, F9 (Flyball, 9LS, EV 73.1 MPH)
Batting: RHB Bill Pecota 0-0: Ball
1-0: Foul Ball, location: 2F
1-1: Foul Ball, location: 2F
1-2: SINGLE (Line Drive, 8RS, EV 105.0 MPH)
Batting: LHB Russ Laribee 0-0: Called Strike
0-1: Foul Ball, location: 2F
0-2: Ball
1-2: Ball
2-2: Strikes out swinging
Batting: RHB Andrew Barbee 0-0: Called Strike
0-1: Ball
1-1: Swinging Strike
1-2: Ball
2-2: Foul Ball, location: 2F
2-2: Fly out, F7 (Flyball, 78S, EV 90.0 MPH)
Top of the 2nd over - 0 runs, 1 hit, 0 errors, 1 left on base; Amarillo 0 - El Paso 0
BOTTOM OF THE 2ND
El Paso Sun Kings batting - Pitching for Amarillo Gold Sox : LHP Gregg Lorenz
Batting: RHB Jon Hansen 0-0: Ball
1-0: Swinging Strike
1-1: SOLO HOME RUN (Flyball, 7LD, EV 100.6 MPH), Distance : 358 ft
Batting: RHB Mike Anicich 0-0: Called Strike
0-1: Ball
1-1: Foul Ball, location: 2F
1-2: Foul Ball, location: 2F
1-2: Ball
2-2: Foul Ball, location: 2F
2-2: Ball
3-2: Strikes out looking
Batting: RHB Carlos Rios 0-0: Called Strike
0-1: Called Strike
0-2: Strikes out looking
Batting: SHB Danny Torres 0-0: Fly out, F8 (Flyball, 8RD, EV 81.3 MPH)
Bottom of the 2nd over - 1 run, 1 hit, 0 errors, 0 left on base; Amarillo 0 - El Paso 1
TOP OF THE 3RD
Amarillo Gold Sox batting - Pitching for El Paso Sun Kings : RHP Charlie Puleo
Batting: RHB Vic Alvarado 0-0: Called Strike
0-1: Ball
1-1: Ground out 6-3 (Groundball, 56, EV 107.5 MPH)
Batting: RHB Chino Cadahia 0-0: Swinging Strike
0-1: Ball
1-1: Ball
2-1: DOUBLE (Line Drive, 7LD, EV 103.8 MPH)
Batting: SHB Mike Felder 0-0: Called Strike
0-1: Ball
1-1: Ball
2-1: Ball
3-1: Fly out, F8 (Flyball, 89D, EV 95.0 MPH)
Runner from 2nd tags up, SAFE at 3rd, no throw by CF
Batting: LHB Hector Arroyo 0-0: Called Strike
0-1: Foul Ball, location: 2F
0-2: Ball
1-2: Strikes out looking
Top of the 3rd over - 0 runs, 1 hit, 0 errors, 1 left on base; Amarillo 0 - El Paso 1
BOTTOM OF THE 3RD
El Paso Sun Kings batting - Pitching for Amarillo Gold Sox : LHP Gregg Lorenz
Batting: RHB Christopher Hudson 0-0: Ball
1-0: Ball
2-0: Foul Ball, location: 2F
2-1: Foul Ball, location: 2F
2-2: Ball
3-2: Strikes out looking
Batting: RHB Lance Ediger 0-0: Called Strike
0-1: Called Strike
0-2: Ball
1-2: Ball
2-2: Foul Ball, location: 2F
2-2: Strikes out swinging
Batting: SHB Keith Thrower 0-0: Called Strike
0-1: Ball
1-1: Ball
2-1: Called Strike
2-2: Foul Ball, location: 2F
2-2: Foul Ball, location: 2F
2-2: SINGLE (Line Drive, 4M, EV 94.4 MPH)
Batting: LHB Kevin Knuth 0-0: Ball
1-0: SINGLE (Groundball, 6MD, EV 98.8 MPH)
Keith Thrower to second
Runner from 2nd tries for 3rd, SAFE, throw by CF made to third
Batting: RHB Chuckie Canady 0-0: Called Strike
0-1: Ball
1-1: Ground out 5-3 (Groundball, 56S, EV 88.8 MPH)
Bottom of the 3rd over - 0 runs, 2 hits, 0 errors, 2 left on base; Amarillo 0 - El Paso 1
TOP OF THE 4TH
Amarillo Gold Sox batting - Pitching for El Paso Sun Kings : RHP Charlie Puleo
Batting: SHB Al Newman 0-0: Foul Ball, location: 2F
0-1: Fly out, F9 (Flyball, 9, EV 95.0 MPH)
Batting: LHB Louie Meadows 0-0: Ball
1-0: Ball
2-0: Called Strike
2-1: Ball
3-1: Base on Balls
Batting: RHB Bill Pecota 0-0: Ball
1-0: Swinging Strike
1-1: Ball
2-1: Called Strike
Pickoff Throw to First - Error! E1
Louie Meadows to second
2-2: Ground out 6-3 (Groundball, 6, EV 100.0 MPH)
Batting: LHB Russ Laribee 0-0: Ball
1-0: Called Strike
1-1: Swinging Strike
1-2: Strikes out looking
Top of the 4th over - 0 runs, 0 hits, 1 error, 1 left on base; Amarillo 0 - El Paso 1
BOTTOM OF THE 4TH
El Paso Sun Kings batting - Pitching for Amarillo Gold Sox : LHP Gregg Lorenz
Batting: RHB Jon Hansen 0-0: Ball
1-0: Called Strike
1-1: Ground out 5-3 (Groundball, 56, EV 81.3 MPH)
Batting: RHB Mike Anicich 0-0: Ball
1-0: Called Strike
1-1: Ball
2-1: Foul Ball, location: 2F
2-2: Strikes out swinging
Batting: RHB Carlos Rios 0-0: Fly out, F9 (Line Drive, 9, EV 93.8 MPH)
Bottom of the 4th over - 0 runs, 0 hits, 0 errors, 0 left on base; Amarillo 0 - El Paso 1
TOP OF THE 5TH
Amarillo Gold Sox batting - Pitching for El Paso Sun Kings : RHP Charlie Puleo
Batting: RHB Andrew Barbee 0-0: Ball
1-0: Foul Ball, location: 2F
1-1: Foul Ball, location: 2F
1-2: Ball
2-2: Ball
3-2: Ground out 3-1 (Groundball, 34, EV 87.5 MPH)
Batting: RHB Vic Alvarado 0-0: Ball
1-0: Called Strike
1-1: Ball
2-1: Ground out 5-3 (Groundball, 56, EV 90.0 MPH)
Batting: RHB Chino Cadahia 0-0: Ground out 4-3 (Groundball, 4M, EV 89.4 MPH)
Top of the 5th over - 0 runs, 0 hits, 0 errors, 0 left on base; Amarillo 0 - El Paso 1
BOTTOM OF THE 5TH
El Paso Sun Kings batting - Pitching for Amarillo Gold Sox : LHP Gregg Lorenz
Batting: SHB Danny Torres 0-0: Ball
1-0: Called Strike
1-1: Ground out 5-3 (Groundball, 56, EV 105.6 MPH)
Batting: RHB Christopher Hudson 0-0: Called Strike
0-1: Called Strike
0-2: Ground out U3 (Groundball, 34S, EV 78.1 MPH)
Batting: RHB Lance Ediger 0-0: Ball
1-0: Called Strike
1-1: Foul Ball, location: 2F
1-2: Ball
2-2: Foul Ball, location: 2F
2-2: Foul Ball, location: 2F
2-2: Ball
3-2: Foul Ball, location: 2F
3-2: Strikes out swinging
Bottom of the 5th over - 0 runs, 0 hits, 0 errors, 0 left on base; Amarillo 0 - El Paso 1
TOP OF THE 6TH
Amarillo Gold Sox batting - Pitching for El Paso Sun Kings : RHP Charlie Puleo
Batting: SHB Mike Felder 0-0: Called Strike
0-1: SINGLE (Flyball, 8LS, EV 97.5 MPH)
Batting: LHB Hector Arroyo 0-0: SINGLE (Line Drive, 78S, EV 97.5 MPH)
Mike Felder to second
Runner from 2nd tries for 3rd, SAFE, no throw by LF
Batting: SHB Al Newman 0-0: Foul Ball, location: 2F
0-1: SINGLE (Groundball, 56, EV 101.3 MPH)
Mike Felder scores
Hector Arroyo to second
Batting: LHB Louie Meadows 0-0: Called Strike
0-1: Foul Ball, location: 2F
0-2: Ball
1-2: Strikes out swinging
Batting: RHB Bill Pecota 0-0: Ball
1-0: Called Strike
1-1: SINGLE (Flyball, 34D, EV 85.6 MPH)
Hector Arroyo to third
Al Newman to second
Batting: LHB Russ Laribee 0-0: Ball
1-0: Ball
2-0: Grounds into fielders choice 4-2 (Groundball, 4, EV 91.9 MPH)
Al Newman to third
Bill Pecota to second
Batting: RHB Andrew Barbee 0-0: Fly out, F7 (Line Drive, 7, EV 93.1 MPH)
Top of the 6th over - 1 run, 4 hits, 0 errors, 3 left on base; Amarillo 1 - El Paso 1
BOTTOM OF THE 6TH
El Paso Sun Kings batting - Pitching for Amarillo Gold Sox : LHP Gregg Lorenz
Batting: SHB Keith Thrower 0-0: SINGLE (Line Drive, 56, EV 97.5 MPH)
Batting: LHB Kevin Knuth 0-0: Bunt missed!
0-1: Bunted foul
0-2: Ball
1-2: Ball
2-2: Foul Ball, location: 2F
2-2: Fly out, F8 (Flyball, 78D, EV 96.3 MPH)
Batting: RHB Chuckie Canady 0-0: Ball
Keith Thrower is caught stealing 2nd base 2-4
1-0: Called Strike
1-1: Ball
2-1: Ball
3-1: Called Strike
3-2: Fly out, F9 (Line Drive, 9S, EV 98.8 MPH)
Bottom of the 6th over - 0 runs, 1 hit, 0 errors, 0 left on base; Amarillo 1 - El Paso 1
TOP OF THE 7TH
Amarillo Gold Sox batting - Pitching for El Paso Sun Kings : RHP Charlie Puleo
Batting: RHB Vic Alvarado 0-0: Ball
1-0: Swinging Strike
1-1: SINGLE (Groundball, 56D, EV 99.4 MPH)
Batting: RHB Chino Cadahia 0-0: Ball
1-0: Called Strike
1-1: Ball
2-1: Swinging Strike
2-2: Ball
3-2: Fly out, F6 (Popup, 6MS, EV 81.9 MPH)
Batting: SHB Mike Felder 0-0: Ball
1-0: Ball
2-0: SINGLE (Groundball, 4M, EV 106.3 MPH) (infield hit)
Vic Alvarado to second
Batting: LHB Hector Arroyo 0-0: Called Strike
0-1: Foul Ball, location: 2F
0-2: Ball
1-2: Foul Ball, location: 2F
1-2: Ball
2-2: Ball
Wild Pitch!
Vic Alvarado to third
Mike Felder to second
3-2: Strikes out swinging
Batting: SHB Al Newman 0-0: Swinging Strike
0-1: Swinging Strike
0-2: Ball
1-2: Ball
2-2: Foul Ball, location: 2F
2-2: Ball
3-2: Fly out, F8 (Line Drive, 8LM, EV 96.9 MPH)
Top of the 7th over - 0 runs, 2 hits, 0 errors, 2 left on base; Amarillo 1 - El Paso 1
BOTTOM OF THE 7TH
El Paso Sun Kings batting - Pitching for Amarillo Gold Sox : LHP Gregg Lorenz
Batting: RHB Jon Hansen 0-0: Called Strike
0-1: Ground out 6-3 (Groundball, 6, EV 78.8 MPH)
Batting: RHB Mike Anicich 0-0: Ball
1-0: Ball
2-0: Ball
3-0: Called Strike
3-1: Base on Balls
Batting: RHB Carlos Rios 0-0: Ball
1-0: Called Strike
1-1: Fly out, F8 (Flyball, 8RS, EV 86.9 MPH)
Pitching: RHP Luis Peralta
Batting: SHB Danny Torres 0-0: Called Strike
0-1: Swinging Strike
0-2: Ball
1-2: Foul Ball, location: 2F
1-2: Foul Ball, location: 2F
1-2: Ball
2-2: Ball
3-2: SINGLE (Groundball, 34D, EV 106.3 MPH)
Mike Anicich to second
Mike Anicich to third
Batting: RHB Christopher Hudson 0-0: Ball
1-0: Ground out 4-3 (Groundball, 4MS, EV 80.6 MPH)
Bottom of the 7th over - 0 runs, 1 hit, 0 errors, 2 left on base; Amarillo 1 - El Paso 1
TOP OF THE 8TH
Amarillo Gold Sox batting - Pitching for El Paso Sun Kings : RHP Charlie Puleo
Batting: LHB Louie Meadows 0-0: Called Strike
0-1: Ball
1-1: Swinging Strike
1-2: Ball
2-2: Foul Ball, location: 2F
2-2: Foul Ball, location: 2F
2-2: Foul Ball, location: 2F
2-2: Ball
3-2: Foul Ball, location: 2F
3-2: Strikes out looking
Batting: RHB Bill Pecota 0-0: Called Strike
0-1: Ball
1-1: SINGLE (Groundball, 6MD, EV 95.6 MPH)
Batting: LHB Russ Laribee 0-0: Ball
1-0: Ball
2-0: Called Strike
2-1: Reached on error, E6 (Groundball, 6M, EV 83.8 MPH)
Bill Pecota to second
Batting: RHB Andrew Barbee 0-0: Ball
1-0: Foul Ball, location: 2F
1-1: Foul Ball, location: 2F
1-2: Ball
2-2: Foul Ball, location: 2F
2-2: Ground out 6-3 (Groundball, 4MS, EV 81.9 MPH)
Bill Pecota to third
Russ Laribee to second
Batting: RHB Vic Alvarado 0-0: Foul Ball, location: 2F
0-1: Foul Ball, location: 2F
0-2: Fly out, F6 (Popup, 6MS, EV 74.4 MPH)
Top of the 8th over - 0 runs, 1 hit, 1 error, 2 left on base; Amarillo 1 - El Paso 1
BOTTOM OF THE 8TH
El Paso Sun Kings batting - Pitching for Amarillo Gold Sox : RHP Luis Peralta
Batting: RHB Lance Ediger 0-0: Called Strike
0-1: Swinging Strike
0-2: Foul Ball, location: 2F
0-2: Strikes out swinging
Batting: SHB Keith Thrower 0-0: Called Strike
0-1: Ball
1-1: Fly out, F9 (Flyball, 9S, EV 93.8 MPH)
Batting: LHB Kevin Knuth 0-0: Called Strike
0-1: Swinging Strike
0-2: Ball
1-2: SINGLE (Flyball, 56D, EV 99.4 MPH)
Batting: RHB Chuckie Canady 0-0: Ball
1-0: Called Strike
1-1: Ball
2-1: Foul Ball, location: 2F
2-2: Strikes out swinging
Bottom of the 8th over - 0 runs, 1 hit, 0 errors, 1 left on base; Amarillo 1 - El Paso 1
TOP OF THE 9TH
Amarillo Gold Sox batting - Pitching for El Paso Sun Kings : RHP Charlie Puleo
Pitching: RHP Kevin Keene
Batting: RHB Chino Cadahia 0-0: Ball
1-0: Ball
2-0: Called Strike
2-1: Foul Ball, location: 2F
2-2: Foul Ball, location: 2F
2-2: Ground out 6-3 (Groundball, 6, EV 83.8 MPH)
Batting: SHB Mike Felder 0-0: Ball
1-0: Fly out, F8 (Flyball, 8LS, EV 86.9 MPH)
Batting: LHB Hector Arroyo 0-0: Ball
1-0: Ball
2-0: Ball
3-0: Called Strike
3-1: Called Strike
3-2: Strikes out swinging
Top of the 9th over - 0 runs, 0 hits, 0 errors, 0 left on base; Amarillo 1 - El Paso 1
BOTTOM OF THE 9TH
El Paso Sun Kings batting - Pitching for Amarillo Gold Sox : RHP Luis Peralta
Pinch Hitting: LHB Stanley Hendrickson 0-0: Foul Ball, location: 2F
0-1: Ground out U3 (Groundball, 3, EV 96.9 MPH)
Batting: RHB Mike Anicich 0-0: Ball
1-0: Ball
2-0: Called Strike
2-1: Swinging Strike
2-2: Foul Ball, location: 2F
2-2: Fly out, F9 (Flyball, 89D, EV 88.1 MPH)
Pinch Hitting: RHB Jimmy Waugh 0-0: Called Strike
0-1: Ball
1-1: Ball
2-1: Swinging Strike
2-2: Fly out, F2 (Popup, 23F, EV 86.3 MPH)
Bottom of the 9th over - 0 runs, 0 hits, 0 errors, 0 left on base; Amarillo 1 - El Paso 1
TOP OF THE 10TH
Amarillo Gold Sox batting - Pitching for El Paso Sun Kings : RHP Kevin Keene
Now at SS: Wayne Stone
Now in CF: Stanley Hendrickson
Batting: SHB Al Newman 0-0: Ball
1-0: Foul Ball, location: 2F
1-1: Called Strike
1-2: Fly out, F9 (Flyball, 9LM, EV 86.3 MPH)
Batting: LHB Louie Meadows 0-0: Called Strike
0-1: Fly out, F8 (Flyball, 8RM, EV 87.5 MPH)
Batting: RHB Bill Pecota 0-0: Foul Ball, location: 2F
0-1: Foul Ball, location: 2F
0-2: Fly out, F7 (Flyball, 78D, EV 99.4 MPH)
Top of the 10th over - 0 runs, 0 hits, 0 errors, 0 left on base; Amarillo 1 - El Paso 1
BOTTOM OF THE 10TH
El Paso Sun Kings batting - Pitching for Amarillo Gold Sox : RHP Luis Peralta
Pitching: RHP Bob Tewksbury
Batting: SHB Danny Torres 0-0: Ball
1-0: SINGLE (Groundball, 4D, EV 110.0 MPH)
Batting: RHB Christopher Hudson 0-0: Ball
1-0: Bunt missed!
1-1: Ball
2-1: Bunted foul
2-2: Fly out, F8 (Line Drive, 8LM, EV 90.6 MPH)
Pinch Hitting: LHB Gary Bishop 0-0: Called Strike
0-1: Called Strike
0-2: Ball
1-2: Strikes out swinging
Batting: SHB Keith Thrower 0-0: Called Strike
0-1: Ball
1-1: Ball
2-1: SINGLE (Line Drive, 34, EV 97.5 MPH)
Danny Torres to second
Runner from 2nd tries for 3rd, SAFE, throw by RF made to third
Batting: LHB Kevin Knuth 0-0: Called Strike
0-1: Fly out, F9 (Line Drive, 9D, EV 96.3 MPH)
Bottom of the 10th over - 0 runs, 2 hits, 0 errors, 2 left on base; Amarillo 1 - El Paso 1
TOP OF THE 11TH
Amarillo Gold Sox batting - Pitching for El Paso Sun Kings : RHP Kevin Keene
Now at 2B: Danny Ramires
Batting: LHB Russ Laribee 0-0: Ball
1-0: Foul Ball, location: 2F
1-1: Ball
2-1: SINGLE (Line Drive, 7S, EV 88.8 MPH)
Batting: RHB Andrew Barbee 0-0: Ball
1-0: Ball
2-0: Ball
3-0: Called Strike
3-1: Called Strike
3-2: Base on Balls
Russ Laribee to second
Pitching: RHP Dave Shipanoff
Batting: RHB Vic Alvarado 0-0: Bunted foul
0-1: Bunted foul
0-2: Ball
1-2: Strikes out looking
Batting: RHB Chino Cadahia 0-0: Foul Ball, location: 2F
0-1: DOUBLE (Groundball, 5L, EV 105.6 MPH)
Russ Laribee scores
Andrew Barbee to third
Batting: SHB Mike Felder 0-0: Intentional Walk
Batting: LHB Hector Arroyo 0-0: Called Strike
0-1: Ball
1-1: Ball
2-1: Ball
3-1: Base on Balls
Andrew Barbee scores
Chino Cadahia to third
Mike Felder to second
Batting: SHB Al Newman 0-0: Called Strike
0-1: Called Strike
0-2: Ball
1-2: Strikes out looking
Batting: LHB Louie Meadows 0-0: Ball
1-0: Swinging Strike
1-1: Foul Ball, location: 2F
1-2: Ball
2-2: Strikes out swinging
Top of the 11th over - 2 runs, 2 hits, 0 errors, 3 left on base; Amarillo 3 - El Paso 1
BOTTOM OF THE 11TH
El Paso Sun Kings batting - Pitching for Amarillo Gold Sox : RHP Bob Tewksbury
Batting: RHB Chuckie Canady 0-0: Ground out 6-3 (Groundball, 56, EV 78.1 MPH)
Batting: LHB Stanley Hendrickson 0-0: Called Strike
0-1: Ball
1-1: Ball
2-1: Ball
3-1: Base on Balls
Batting: RHB Mike Anicich 0-0: Called Strike
0-1: Ball
1-1: Swinging Strike
1-2: Grounds into double play, 5-4-3 (Groundball, 56S, EV 87.5 MPH)
Bottom of the 11th over - 0 runs, 0 hits, 0 errors, 0 left on base; Amarillo 3 - El Paso 1
Friday, August 21st, 2020 - OOTP Baseball 21.5 Build 76